 Dungeon Crawl Stone Soup version 0.28-a0-60-g54b5640690 (webtiles) character file.

Game seed: 10306437067289329585

4561 quinnr the Stormcaller (level 10, -10/79 HPs)
             Began as a Tengu Air Elementalist on July 31, 2021.
             Was a Priest of Vehumet.
             Mangled by Joseph (14 damage)
             ... on level 8 of the Dungeon.
             The game lasted 00:17:58 (9833 turns).

quinnr the Stormcaller (Tengu Air Elementalist)     Turns: 9833, Time: 00:17:59

Health: -10/79     AC:  7    Str:  9    XL:     10   Next: 40%
Magic:  21/27      EV: 17    Int: 19    God:    Vehumet [***...]
Gold:   422        SH:  0    Dex: 14    Spells: 14/19 levels left

rFire   . . .      SeeInvis .   b - +3 whip (elec)
rCold   . . .      Faith    .   (no shield)
rNeg    . . .      Spirit   .   a - +1 robe
rPois   .          Reflect  .   (helmet restricted)
rElec   .          Harm     .   (no cloak)
rCorr   .          Rampage  .   (no gloves)
Will    .....                   (boots unavailable)
Stlth   ..........              (no amulet)
HPRegen 0.23/turn               d - +4 ring of protection
MPRegen 0.20/turn               o - ring of magical power

@: berserking, flying quickly and evasively, very quick
A: beak, talons 3, nimble flight
a: Renounce Religion


You were on level 8 of the Dungeon.
You worshipped Vehumet.
Vehumet was most pleased with you.
You visited 1 branch of the dungeon, and saw 8 of its levels.
You also visited: Ossuary.

You collected 422 gold pieces.

Inventory:

Hand Weapons
 b - a +3 whip of electrocution (weapon)
 i - a +2 hunting sling of freezing
Missiles
 j - 133 stones
 k - 60 sling bullets
Armour
 a - a +1 robe (worn)
Jewellery
 d - a +4 ring of protection (left hand)
 h - a +4 ring of slaying
 o - a ring of magical power (right hand)
Wands
 n - a wand of paralysis (7)
Scrolls
 e - a scroll of enchant weapon {unknown}
 l - a scroll of teleportation
 m - 2 scrolls of blinking
 u - a scroll of vulnerability {unknown}
 v - 2 scrolls of identify
Potions
 c - a potion of might
 f - a potion of curing
 g - 6 potions of brilliance
 p - 2 potions of ambrosia
 r - 2 potions of mutation
 s - 2 potions of flight
 t - a potion of magic
 w - a potion of attraction {unknown}


   Skills:
 - Level 2.0 Fighting
 - Level 1.0 Slings
 + Level 5.8 Dodging
 - Level 5.0 Stealth
 - Level 5.0 Spellcasting
 - Level 1.3 Conjurations
 + Level 15.3 Air Magic


You had 14 spell levels left.
You knew the following spells:

 Your Spells              Type           Power      Damage    Failure   Level
a - Shock                 Conj/Air       100%       1d9       1%          1
b - Airstrike             Air            29%        N/A       1%          4

Your spell library contained the following spells:

 Spells                   Type           Power      Damage    Failure   Level
 Mephitic Cloud           Conj/Pois/Air  25%        N/A       1%          3
 Static Discharge         Conj/Air       36%        N/A       1%          2
 Swiftness                Air            58%        N/A       1%          3
 Sublimation of Blood     Necr           2%         N/A       19%         2
 Wereblood                Tmut           4%         N/A       19%         2
 Fulminant Prism          Conj/Hex       3%         3d6       24%         4
 Iskenderun's Mystic Bla  Conj/Tloc      7%         2d4       24%         4
 Gell's Gravitas          Tloc           2%         N/A       36%         3
 Ozocubu's Armour         Ice            4%         N/A       36%         3
 Teleport Other           Tloc           4%         N/A       36%         3
 Lee's Rapid Deconstruct  Erth           2%         3d5*      61%         5
 Metabolic Englaciation   Hex/Ice        2%         N/A       98%         5
 Dispersal                Tloc           2%         N/A       100%        6
 Simulacrum               Ice/Necr       2%         N/A       100%        6
 Summon Hydra             Summ           2%         N/A       100%        7


Dungeon Overview and Level Annotations

Branches:
Dungeon (8/15)             Temple (0/1) D:6         Ossuary (visited)
   Lair: D:8-11

Altars:
Ashenzari
Hepliaklqana
Makhleb
Uskayaw
Vehumet

Annotations:
D:4 Robin
D:5 2 transporters, rageheart7's ghost, novice DsGl
D:8 Joseph


Innate Abilities, Weirdness & Mutations

You have a beak for a mouth.
You have claws for feet.
Your magical nature lets you fly swiftly and evasively.


Message History

Vehumet accepts your kill.
The zap hits the killer bee!
The killer bee is almost dead.
The zap hits Joseph.
Joseph is lightly wounded.
The killer bee stings you but does no damage.
Joseph sighs, "Being a guard is usually so boring..."
The zap hits the killer bee.
You kill the killer bee!
Vehumet accepts your kill.
The zap misses Joseph.
Joseph unwields a +0 quarterstaff.
Joseph wields a +0 hunting sling.
Joseph shoots a sling bullet.
The sling bullet hits you!!
Unknown command.
Aiming: Paralyse
Press: ? - help, Shift-Dir - straight line, f - Joseph
Aim: Joseph, wielding a +0 hunting sling, wearing a +0 ring mail and quivering sling bullets (lightly wounded, chance to affect: 28%) Joseph easily resists.
Unknown command.
A red film seems to cover your vision as you go berserk!
You feel yourself moving faster!
You feel mighty!
Joseph shoots a sling bullet.
The sling bullet hits you!
* * * LOW HITPOINT WARNING * * *
You feel a strong urge to attack something.
Joseph unwields a +0 hunting sling.
Joseph wields a +0 quarterstaff.
Joseph hits you with a +0 quarterstaff!
* * * LOW HITPOINT WARNING * * *
Things that are here:
a killer bee corpse; a killer bee corpse You whack Joseph!
Lightning courses through Joseph! You claw Joseph, but do no damage.
Joseph is moderately wounded.
Joseph closely misses you.
You are too berserk!
You hit Joseph. Lightning courses through Joseph!! You claw Joseph.
Joseph is severely wounded.
You hit Joseph. You claw Joseph!
Joseph is almost dead.
Joseph hits you with a +0 quarterstaff!
You die... ### y..# # yy.

# ### #@y # #..
#.. # #.# .. # #
#.# .##.##. #
#.#######!...... #
#.....@@.......# #
###.########..#.#.
#.....# .#
#####.#.#.# #
#.....<.#.#
#.###.#.# # #.#
#..... #####.#
###.### #.....#
#.#


You could see Joseph.

Vanquished Creatures
  A two-headed ogre (D:8)
  Grinder (D:5)
  A hornet (D:6)
  2 wyverns (D:7)
  Edmund (D:4)
  2 water moccasins
  2 ice beasts (D:7)
  3 sky beasts
  An orc warrior (D:7)
  A black bear (D:7)
  A centaur (D:8)
  2 kobold brigands
  Blork the orc (D:5)
  An elf zombie (Ossuary)
  A gnoll sergeant (D:7)
  5 scorpions
  6 killer bees (D:8)
  3 wights (D:8)
  A howler monkey (D:5)
  2 centaur zombies (Ossuary)
  A bullfrog zombie (D:6)
  4 hounds
  3 jellies
  An iguana (D:6)
  6 orc priests
  A centaur skeleton (D:6)
  2 human zombies (Ossuary)
  6 orc wizards
  A killer bee zombie (D:8)
  2 mummies (Ossuary)
  A howler monkey zombie (D:6)
  7 gnolls
  A howler monkey skeleton (D:7)
  15 adders
  2 ufetubi
  2 adder skeletons (D:5)
  An adder zombie (Ossuary)
  A worm (D:2)
  16 orcs
  13 bats
  4 endoplasms
  A giant cockroach (D:2)
  6 goblins
  5 hobgoblins
  7 jackals
  A quokka (D:4)
  13 ball pythons
  6 frilled lizards
  9 hobgoblin zombies (Ossuary)
  A jackal zombie (Ossuary)
  14 kobolds
  10 kobold zombies (Ossuary)
  9 orc zombies (Ossuary)
  3 rats
  2 rat zombies (Ossuary)
215 creatures vanquished.

Vanquished Creatures (others)
  14 fungi (D:6)
14 creatures vanquished.

Grand Total: 229 creatures vanquished

Notes
Turn   | Place    | Note
-------+----------+-------------------------------------------
     0 | D:1      | quinnr the Tengu Air Elementalist began the quest for the
                  | Orb.
     0 | D:1      | Reached XP level 1. HP: 10/10 MP: 4/4
   244 | D:1      | Reached XP level 2. HP: 15/15 MP: 3/6
   517 | D:1      | Reached skill level 5 in Air Magic
   981 | D:1      | Reached XP level 3. HP: 19/19 MP: 5/7
  1838 | D:2      | Reached skill level 6 in Air Magic
  2455 | D:3      | Found a faded altar of an unknown god.
  2521 | D:3      | Reached XP level 4. HP: 24/24 MP: 8/8
  2541 | D:3      | Reached skill level 1 in Slings
  3097 | D:3      | Gained mutation: Your magical nature lets you fly swiftly
                  | and evasively. [Tengu growth]
  3097 | D:3      | Reached XP level 5. HP: 28/28 MP: 9/9
  3299 | D:4      | Noticed Robin
  3461 | D:4      | Found a broken altar of Ashenzari.
  4488 | D:5      | Entered Level 5 of the Dungeon
  4488 | D:5      | Noticed Edmund
  4505 | D:4      | Killed Edmund
  4506 | D:4      | Reached skill level 7 in Air Magic
  4506 | D:4      | Reached XP level 6. HP: 25/32 MP: 11/11
  4595 | D:5      | Found a transporter.
  4616 | D:5      | Noticed rageheart7's ghost (novice DsGl)
  4654 | D:5      | Found a hide-covered altar of Uskayaw.
  4659 | D:5      | Noticed a sky beast
  4666 | D:5      | Learned a level 4 spell: Airstrike
  4668 | D:5      | Killed a sky beast
  4669 | D:5      | Reached skill level 8 in Air Magic
  4956 | D:5      | Reached skill level 9 in Air Magic
  4956 | D:5      | Reached XP level 7. HP: 33/36 MP: 6/12
  5112 | D:5      | Noticed Grinder
  5224 | D:5      | Paralysed by Grinder for 6 turns
  5236 | D:5      | Paralysed by Grinder for 7 turns
  5245 | D:5      | Killed Grinder
  5246 | D:5      | Reached skill level 10 in Air Magic
  5571 | D:5      | Reached skill level 1 in Fighting
  5571 | D:5      | Reached XP level 8. HP: 43/43 MP: 13/13
  5651 | D:5      | Noticed Blork the orc
  5660 | D:5      | Killed Blork the orc
  5719 | D:5      | Found a transporter.
  5813 | D:5      | Found a radiant altar of Vehumet.
  5845 | D:5      | Became a worshipper of Vehumet
  6188 | D:6      | Reached skill level 11 in Air Magic
  6301 | D:6      | Found a burning altar of Makhleb.
  6359 | D:6      | Found a sand-covered staircase.
  6362 | D:6      | Noticed a hornet
  6365 | Ossuary  | Entered an ossuary
  6676 | Ossuary  | Reached * piety under Vehumet
  6676 | Ossuary  | Offered knowledge of Magic Dart by Vehumet.
  7021 | D:6      | Killed a hornet
  7022 | D:6      | Reached skill level 5 in Spellcasting
  7022 | D:6      | Reached skill level 12 in Air Magic
  7180 | D:6      | Reached XP level 9. HP: 48/48 MP: 17/17
  7187 | D:6      | Offered knowledge of Freeze by Vehumet.
  7326 | D:6      | Reached ** piety under Vehumet
  7661 | D:6      | Found a staircase to the Ecumenical Temple.
  7976 | D:7      | Reached skill level 5 in Stealth
  8133 | D:7      | Offered knowledge of Poisonous Vapours by Vehumet.
  8134 | D:7      | Reached skill level 13 in Air Magic
  8385 | D:7      | Reached *** piety under Vehumet
  8705 | D:7      | Reached skill level 14 in Air Magic
  9202 | D:8      | Reached XP level 10. HP: 53/53 MP: 18/18
  9422 | D:8      | Noticed a two-headed ogre
  9426 | D:8      | Killed a two-headed ogre
  9427 | D:8      | Reached skill level 5 in Dodging
  9427 | D:8      | Reached skill level 15 in Air Magic
  9604 | D:8      | Offered knowledge of Mephitic Cloud by Vehumet.
  9812 | D:8      | Found a hazy altar of Hepliaklqana.
  9812 | D:8      | Noticed Joseph
  9830 | D:8      | HP: 3/79 [Joseph (9)]
  9833 | D:8      | Mangled by Joseph

Illustrated notes

Levels and vault maps discovered:
D:1:      saegor_arrival_simple_d, layout_basic
D:2:      layout_loops_corners
D:3:      layout_rooms, chequers_ecumenical_altar_simple, minmay_snake_closets
D:4:      layout_basic, nicolae_overflow_crystal_walls,
          nicolae_overflow_hidden_temple, uniq_robin
D:5:      layout_rooms, lemuel_tele_altar, mainiacjoe_overflow_alcove_4,
          gammafunk_ghost_mausoleum, chequers_serial_rivers_small_a,
          hangedman_decor_points, kennysheep_generic_room_10, uniq_grinder,
          uniq_blork_the_orc, uniq_edmund
D:6:      old_forge, layout_loops_ring, general_overflow_altar, temple_green,
          nicolae_ossuary_entry_ruins
D:7:      layout_basic, hangedman_decor_riveting
D:8:      minmay_separated_statues, layout_loops_ring,
          mainiacjoe_overflow_small_starburst, uniq_joseph, uniq_maggie

Skill      XL: |  1  2  3  4  5  6  7  8  9 10 |
---------------+-------------------------------+-----
Air Magic      | 5 6 7 9 10 12 14 15 | 15.3
Slings         | 1 |  1.0
Dodging        | 3 5 |  5.8
Stealth        | 3 5 |  5.0
Spellcasting   | 3 5 |  5.0
Fighting       | 1 2 |  2.0
Conjurations   | |  1.3

Action                   |  1- 3 |  4- 6 |  7- 9 | 10-12 || total
-------------------------+-------+-------+-------+-------++-------
Melee: Unarmed           |     5 |       |       |       ||     5
       Kick              |     1 |       |       |     3 ||     4
       Peck              |     1 |       |       |       ||     1
       Whip              |       |       |     5 |     3 ||     8
 Fire: Hunting sling     |    17 |     6 |     4 |       ||    27
 Cast: Shock             |    64 |    92 |   217 |    36 ||   409
       Airstrike         |       |     5 |    53 |    15 ||    73
Evoke: Wand              |       |       |       |     1 ||     1
  Use: Scroll            |       |     3 |     8 |       ||    11
       Potion            |       |       |     2 |     1 ||     3
 Stab: Sleeping          |       |       |     1 |       ||     1
Armor: Robe              |     5 |     9 |    14 |     4 ||    32
Dodge: Dodged            |    12 |    17 |    61 |    20 ||   110

Table legend: (Time is in decaauts)
 A = Elapsed time spent in this place.
 B = Non-inter-level travel time spent in this place.
 C = Inter-level travel time spent in this place.
 D = Time resting spent in this place.
 E = Time spent auto-exploring this place.
 F = Levels seen in this place.
 G = Mean time per level.
                   A        B        C        D        E       F      G
               +--------+--------+--------+--------+--------+-----+--------+
         Total |   9545 |   9247 |    298 |    999 |   7128 |   9 | 1060.6 |
       Dungeon |   8910 |   8612 |    298 |    825 |   6849 |   8 | 1113.8 |
       Ossuary |    635 |    635 |      0 |    174 |    278 |   1 |  635.0 |
               +--------+--------+--------+--------+--------+-----+--------+

Top non-repeatable levels by time:
     D:4: 1694 daAuts
     D:6: 1377 daAuts
     D:1: 1221 daAuts
     D:2: 1215 daAuts
     D:7: 1050 daAuts
     D:3: 843 daAuts
     D:5: 836 daAuts
     D:8: 672 daAuts
 Ossuary: 635 daAuts
